 Dungeon Crawl Stone Soup version 0.24.0-13-gcf9b319 (webtiles) character file.

Game seed: 12409744727018175539, levelgen mode: deterministic

4 Bronimir the Ogre Mage (level 1, -1/18 HPs)
             Began as an Ogre Wizard on Mar 30, 2020.
             Slain by a rat (3 damage)
             ... on level 1 of the Dungeon.
             The game lasted 00:00:56 (317 turns).

Bronimir the Ogre Mage (Ogre Wizard)                 Turns: 317, Time: 00:00:57

Health: -1/18      AC:  3    Str: 10    XL:     1   Next: 70%
Magic:  1/5        EV: 10    Int: 19    God:
Gold:   40         SH:  0    Dex:  7    Spells: 6/7 levels left

rFire    . . .     SeeInvis .   i - +0 dagger
rCold    . . .     Gourm    .   (no shield)
rNeg     . . .     Faith    .   a - +0 robe
rPois    .         Spirit   .   b - +0 hat
rElec    .         Reflect  .   (no cloak)
rCorr    .         Harm     .   (gloves unavailable)
MR       .....                  (boots unavailable)
Stlth    +.........             (no amulet)
HPRegen  0.06/turn              (no ring)
MPRegen  0.09/turn              (no ring)

@: no status effects
A: large, unfitting armour, tough skin 1
a: no special abilities


You were on level 1 of the Dungeon.
You were not hungry.

You visited 1 branch of the dungeon, and saw 1 of its levels.

You collected 40 gold pieces.

Inventory:

Hand Weapons
 i - a +0 dagger (weapon)
Missiles
 e - 2 stones (quivered)
Armour
 a - a +0 robe (worn)
 b - a +0 hat (worn)
Scrolls
 c - a scroll of fear {unknown}
 g - a scroll of identify {unknown}
Potions
 f - a potion of haste {unknown}
 h - a potion of curing {unknown}
Comestibles
 d - 2 rations


   Skills:
 * Level 0.5 Fighting
 + Level 1.7 Dodging
 - Level 1.4 Stealth
 * Level 3.8 Spellcasting
 * Level 1.0 Conjurations
   Level 0.8 Summonings
   Level 0.8 Translocations


You had 6 spell levels left.
You knew the following spells:

 Your Spells              Type           Power        Failure   Level  Hunger
a - Magic Dart            Conj           #...         9%          1    None

Your spell library contained the following spells:

 Spells                   Type           Power        Failure   Level  Hunger
 Blink                    Tloc           N/A          16%         2    ##.....
 Call Imp                 Summ           #.......     16%         2    ##.....
 Slow                     Hex            #.......     22%         2    ##.....
 Conjure Flame            Conj/Fire      #.......     34%         3    ###....
 Mephitic Cloud           Conj/Pois/Air  #.......     36%         3    ###....


Dungeon Overview and Level Annotations

Branches:
Dungeon (1/15)

Altars:


Innate Abilities, Weirdness & Mutations

You are too large for most types of armour.
You have tough skin. (AC +1)


Message History

The hobgoblin hits you. The hobgoblin hits you.
The hobgoblin closely misses you.
The hobgoblin hits you but does no damage.
You see here a dagger.
i - a dagger The hobgoblin barely misses you.
i - a +0 dagger (weapon)
You hit the hobgoblin.
The hobgoblin is almost dead.
The hobgoblin closely misses you. The rat misses you.
You closely miss the hobgoblin.
The hobgoblin is almost dead.
The hobgoblin closely misses you. The rat barely misses you.
You barely miss the hobgoblin.
The hobgoblin is almost dead.
The hobgoblin hits you.
* * * LOW HITPOINT WARNING * * *
The rat bites you.
You die...

........
................
#####... ..
#.##.######.########
#### ...#......# #.#
...###
...#......####.#
.....##
#............#.#
##....##
#............#.#
####...#
#..#...#.....#.#
...##..##
#..........##.#
##..#...#
#.....@g...##.#
.##.##..#
#......r...##.#
.##.##..#
#....####..##.#
.##.##..#
#....#####.##.#
##..#...#
#...........#.######
...##..##
#.#..................
####...#
#..#.......#.#.#######
##....## #.
.......#.#.# .....##
.........#.#


You could see a hobgoblin and a rat.

Vanquished Creatures
  2 bats (D:1)
  2 kobolds (D:1)
  A rat (D:1)
5 creatures vanquished.

Notes
Turn   | Place    | Note
-------+----------+-------------------------------------------
     0 | D:1      | Bronimir the Ogre Wizard began the quest for the Orb.
     0 | D:1      | Reached XP level 1. HP: 16/16 MP: 5/5
   185 | D:1      | Reached skill level 1 in Conjurations
   317 | D:1      | Slain by a rat

Levels and vault maps discovered:
D:1:      dpeg_arrival_concentric_ovals, layout_basic, minmay_splitting_lines

Skill      XL: |  1 |
---------------+----+-----
Conjurations   | 1 |  1.0
Fighting       | |  0.5
Dodging        | |  1.7
Stealth        | |  1.4
Spellcasting   | |  3.8
Summonings     | |  0.8
Translocations | |  0.8

Action                   || total
-------------------------++-------
Melee: Dagger            ||     3
       Unarmed           ||     2
 Cast: Magic Dart        ||    17
Armor: Robe              ||    11
Dodge: Dodged            ||    24
